Cogmind - Beta 9.4 @@@ ROGUE MODE // 2020.03.29 @ 11:14:51 Player: High Tyrol Result: Destroyed by as-63209 with Assembled Heavy Rifle Performance ------------- Evolutions (0) 0 Regions Visited (2) 400 Robots Destroyed (6) 30 Value Destroyed (168) 168 Prototype IDs (0) 0 Alien Tech Used (0) 0 Bonus (0) 0 TOTAL SCORE: 598 Bonus ------- None Cogmind --------- Core Integrity 0/250 Matter 300/300 Energy 100/100 System Corruption 0% Temperature Cool (0) Movement Rolling (120) Ox2 Location -10/Mines Parts ------- > --- POWER (1) -------- (None) > --- PROPULSION (2) --- Compact Wheel > --- UTILITY (2) ------ Large Storage Unit Large Storage Unit > --- WEAPON (2) ------- Hammer > --- INVENTORY (16) --- Light Ion Engine Medium Storage Unit Medium Storage Unit EM Pulse Gun Small Laser Grenade Launcher Peak State ------------ > --- POWER ------------ Light Ion Engine > --- PROPULSION ------- Aluminum Leg Aluminum Leg > --- UTILITY ---------- Small Storage Unit Small Storage Unit > --- WEAPON ----------- EM Pulse Gun EM Pulse Gun > --- INVENTORY -------- Light Ion Engine Light Ion Engine Wheel Compact Wheel Small Laser [Rating: 7] Favorites ----------- Power Ion Engine Engine Ion Engine Propulsion Aluminum Leg Leg Aluminum Leg Wheel Compact Wheel Utility Small Storage Unit Storage Small Storage Unit Weapon EM Pulse Gun Energy Gun EM Pulse Gun Impact Weapon Hammer Build | -11 -10 -10 ------- Run | Scr Mat Min Slots Evolved . | . . . Power . | . . . Propulsion . | . . . Utility . | . . . Weapon . | . . . Parts Attached 14 | 7 4 3 Power 3 | 1 1 1 Engine 3 | 1 1 1 Core . | . . . Reactor . | . . . Propulsion 4 | 2 . 2 Treads . | . . . Leg 2 | 2 . . Wheel 2 | . . 2 Hover . | . . . Flight . | . . . Utility 4 | 2 2 . Device . | . . . Storage 4 | 2 2 . Processor . | . . . Hackware . | . . . Protection . | . . . Artifact . | . . . Weapon 3 | 2 1 . Energy Gun 2 | 2 . . Energy Cannon . | . . . Ballistic Gun . | . . . Ballistic Cannon . | . . . Launcher . | . . . Special Weapon . | . . . Impact Weapon 1 | . 1 . Slashing Weapon . | . . . Piercing Weapon . | . . . Special Melee Weapon . | . . . Unidentified Prototypes . | . . . Parts Lost 5 | . 2 3 Power 2 | . 1 1 Propulsion 2 | . 1 1 Utility . | . . . Weapon 1 | . . 1 Highest Loss Streak 3 | . 1 3 Average Slot Usage (%) 94 | . 93 95 Engine 13 | . 13 13 Leg 16 | . 22 . Wheel 7 | . . 26 Storage 28 | . 28 28 Energy Gun 14 | . 15 12 Impact Weapon 13 | . 12 14 Naked Turns . | . . . Heaviest Build 41 | 15 41 39 Greatest Support 26 | 20 20 26 Greatest Overweight (x) 4 | . 4 2 Average Overweight (x) . | . . 1 Largest Inventory Capacity 16 | 8 16 16 Average Capacity 11 | 5 10 16 Most Carried 8 | 6 8 7 Average Carried 5 | 3 6 5 Final Capacity 16 | 8 16 16 Final Carried 8 | 5 8 6 Class Distribution -------------------- 100% | Mutant Dominant Class ---------------- Mutant | -10/Materials Mutant | -10/Mines Resources | -11 -10 -10 ----------- Run | Scr Mat Min Matter Collected 330 | 264 21 45 Remotely . | . . . Salvage Created 187 | 63 94 30 Parts 8 | 2 6 . Haulers Intercepted . | . . . Recyclers Shooed . | . . . Parts Field Recycled . | . . . Retrieved Matter . | . . . Parts Self-Destructed . | . . . Prevented . | . . . Kills | -11 -10 -10 ------- Run | Scr Mat Min Combat Hostiles Destroyed 3 | . 3 . Guns 1 | . 1 . AOE 2 | . 2 . Classes Destroyed 5 | 1 4 . Builder 1 | . 1 . Recycler 1 | 1 . . Watcher 1 | . 1 . Swarmer 1 | . 1 . Grunt 2 | . 2 . Best Kill Streak 3 | 1 3 . Combat Bots Only 2 | . 2 . Max Kills in Single Turn 2 | 1 2 . Gunslinging . | . . . Exploded 1 | . 1 . Melee . | . . . Uniques/NPCs Destroyed . | . . . Combat | -11 -10 -10 -------- Run | Scr Mat Min Damage Taken 870 | . 462 408 Core 261 | . 65 196 Absorbed by Shields . | . . . Core Remaining (%) 100 | 100 . . Volleys Fired 15 | 1 7 7 Largest 2 | 2 1 1 Hottest 80 | 80 40 40 Shots Fired 16 | 2 7 7 Gun 16 | 2 7 7 Cannon . | . . . Launcher . | . . . Special . | . . . Kinetic . | . . . Thermal . | . . . Explosive . | . . . Electromagnetic 16 | 2 7 7 Robot Hit Streak 5 | 2 3 5 Robot Miss Streak 1 | . 1 1 Penetration Max . | . . . Secondary Targets . | . . . Shots Hit Robots 14 | 2 5 7 Core Hits 11 | 1 9 1 Critical Hits . | . . . Critical Kills . | . . . Critical Parts Destroyed . | . . . Melee Attacks 39 | . 38 1 Impact 39 | . 38 1 Slashing . | . . . Piercing . | . . . Sneak Attacks . | . . . Combat Hostiles . | . . . Follow-up Attacks . | . . . Damage Inflicted 1057 | 28 880 149 Guns 178 | 28 72 78 Cannons . | . . . Explosions 852 | . 808 44 Melee 27 | . . 27 Ramming . | . . . Kinetic . | . . . Thermal 679 | . 635 44 Explosive 173 | . 173 . Electromagnetic 178 | 28 72 78 Impact 27 | . . 27 Slashing . | . . . Piercing . | . . . Highest Corruption . | . . . Average Corruption . | . . . Corruption Purged . | . . . Overload Shots . | . . . Overflow Damage 181 | . 170 11 Projectiles . | . . . Explosions 174 | . 170 4 Melee 7 | . . 7 Knockbacks . | . . . Impact . | . . . Kinetic . | . . . Secondary . | . . . Self-Inflicted Damage 349 | . 310 39 Shots 5 | . 4 1 Rammed . | . . . Targets Rammed . | . . . Kicked . | . . . Crushed . | . . . Highest Temperature 36 | 18 36 12 Average Temperature 27 | 12 34 12 Received Heat Transfer 80 | . . 80 Siege Activations . | . . . Robots Corrupted . | . . . Combat Hostiles . | . . . Parts Fried 1 | . . 1 Impact Corruptions 1 | . . 1 Robots Melted . | . . . Combat Hostiles . | . . . Parts Melted 2 | . 2 . Heat Transferred 550 | . 500 50 Parts Sabotaged . | . . . Parts Stolen . | . . . Parts Stripped . | . . . Power Chain Reactions 3 | . 2 1 Missiles Intercepted . | . . . Alert | -11 -10 -10 ------- Run | Scr Mat Min Peak Influence 108 | 5 108 38 Average Influence 27 | 1 30 32 Maximum Alert Level . | . . . Low Security (%) 100 | 100 100 100 Level 1 . | . . . Level 2 . | . . . Level 3 . | . . . Level 4 . | . . . Level 5 . | . . . High Security . | . . . Max Security . | . . . Squads Dispatched . | . . . Investigation . | . . . Extermination . | . . . Reinforcement . | . . . Assault . | . . . Garrison . | . . . Intercept . | . . . Construction Impeded . | . . . Haulers Reinforced . | . . . Stealth | -11 -10 -10 --------- Run | Scr Mat Min Distress Signals . | . . . Communications Jammed . | . . . Distress Signals . | . . . Times Spotted 23 | . 8 15 Peak Tracking Total 15 | . 6 15 Tactical Retreats 2 | . 2 . Traps | -11 -10 -10 ------- Run | Scr Mat Min Traps Triggered 1 | . 1 . Indirectly . | . . . Trap Hack Attempts . | . . . Triggered . | . . . Disarmed . | . . . Reprogrammed . | . . . Reused . | . . . Traps Extracted . | . . . Installed . | . . . Triggered . | . . . Machines | -11 -10 -10 ---------- Run | Scr Mat Min Machines Disabled 5 | . 4 1 Max in Single Turn 2 | . 2 1 Machines Sabotaged . | . . . Garrisons Compromised . | . . . Overloaded Fab Kills . | . . . Fab Network Shutdowns . | . . . Hacking | -11 -10 -10 --------- Run | Scr Mat Min Machines Accessed . | . . . Terminals . | . . . Fabricators . | . . . Repair Stations . | . . . Recycling Units . | . . . Scanalyzers . | . . . Garrison Access . | . . . Total Hacks . | . . . Successful . | . . . Failed . | . . . Catastrophic . | . . . Database Lockouts . | . . . Manual . | . . . Terminals . | . . . Fabricators . | . . . Repair Stations . | . . . Recycling Units . | . . . Scanalyzers . | . . . Garrison Access . | . . . Terminal Hacks . | . . . Fabricator Hacks . | . . . Repair Station Hacks . | . . . Recycling Unit Hacks . | . . . Scanalyzer . | . . . Garrison Access Hacks . | . . . Unauthorized Hacks . | . . . Terminals . | . . . Fabricators . | . . . Repair Stations . | . . . Recycling Units . | . . . Scanalyzers . | . . . Garrison Access . | . . . Data Cores Recovered . | . . . Used . | . . . Hacking Detections . | . . . Full Trace Events . | . . . Feedback Events . | . . . Feedback Blocked . | . . . Robot Schematics Acquired . | . . . Robots Built . | . . . Matter . | . . . Time . | . . . Total Robot Build Rating . | . . . Part Schematics Acquired . | . . . Parts Built . | . . . Matter . | . . . Time . | . . . Total Part Build Rating . | . . . Parts Repaired . | . . . Time . | . . . Parts Recycled . | . . . Recycled Matter . | . . . Retrieved Matter . | . . . Retrieved Components . | . . . Parts Scanalyzed . | . . . Part Schematics Acquired . | . . . Parts Damaged . | . . . Bothacking | -11 -10 -10 ------------ Run | Scr Mat Min Used RIF Installer . | . . . Robots Hacked . | . . . Non-combat . | . . . Combat . | . . . Robot Hacks Applied . | . . . Relay Couplers Released . | . . . Robots Rewired . | . . . Allies Hacked . | . . . Hacks Repelled . | . . . Allies | -11 -10 -10 -------- Run | Scr Mat Min Total Allies . | . . . Largest Group . | . . . Highest-Rated Group . | . . . Highest-Rated Ally . | . . . Total Orders . | . . . Ally Attacks . | . . . Total Damage . | . . . Kills . | . . . Allies Corrupted . | . . . Allies Melted . | . . . Intel | -11 -10 -10 ------- Run | Scr Mat Min Robot Analysis Total . | . . . Derelict Logs Recovered . | . . . Drone Launches . | . . . Drone Recoveries . | . . . Exploration | -11 -10 -10 ------------- Run | Scr Mat Min Turns Passed 660 | 66 440 154 Spaces Moved 373 | 45 201 127 Core 12 | 12 . . Treads . | . . . Legs 234 | 33 201 . Wheels 127 | . . 127 Hover . | . . . Flight . | . . . Fastest Speed 50 | 50 120 100 Average Speed 126 | 101 148 100 Slowest Speed 240 | 120 240 120 Overloaded Moves . | . . . Propulsion Burnouts . | . . . Robots Hopped . | . . . Cave-ins Triggered . | . . . Exploration Rate (%) 22 | 4 32 30 Regions Visited 2 Branch Regions 1 Pre-discovered Areas . | . . . Known Exits Taken . | . . . Unknown Exits Taken 2 | 1 1 . Scrap Searched 1 | . . 1 Spaces Dug 7 | . 7 . Terrain Destroyed 56 | . 56 . Melee 7 | . 7 . Projectile . | . . . AOE 49 | . 49 . Actions | -11 -10 -10 --------- Run | Scr Mat Min Total 488 | 63 280 145 Wait 24 | . 19 5 Move 371 | 44 200 127 Hop . | . . . Pick Up 20 | 11 8 1 Fast Attach 1 | 1 . . Attach 13 | 6 4 3 Detach 1 | . 1 . Swap . | . . . Drop 4 | . 3 1 Fire 15 | 1 7 7 Melee 39 | . 38 1 Ram . | . . . Kick . | . . . Crush . | . . . Escape Stasis . | . . . Rewire . | . . . Trap . | . . . Miscellaneous . | . . . Route ------- -11/Scrapyard -10/Materials -10/Mines History --------- Turn | Location | Event 12 | -11/Scrapyard | Discovered new exit (range 14) 67 | -11/Scrapyard | Entered Materials 308 | -10/Materials | Build established: Mutant 472 | -10/Materials | Discovered new exit (range 15) 507 | -10/Materials | Entered Mines 623 | -10/Mines | Assembled infested the area 654 | -10/Mines | Core integrity fell below 50% 658 | -10/Mines | Core integrity fell below 20% 661 | -10/Mines | Destroyed by as-63209 with Assembled Heavy Rifle Last Messages --------------- 00524_ K-01 Serf collects debris. 00564_ Acquired Grenade Launcher. 00588_ Destroyed Lgt. Ion Engine. 00591_ Destroyed Wheel. 00595_ Destroyed Welding Torch. 00597_ Structural Scanner fried. 00597_ U-05 Engineer destroyed. 00600_ Acquired 30 matter. 00623_ ALERT: Infestation in the mines, dispatching Demolisher response squad. 00630_ Searching scrap... 00630_ Found 38 Matter. 00630_ Found Utility Shielding. 00631_ Acquired 15 matter. 00649_ EM Pulse Gun destroyed. 00650_ Lgt. Ion Engine destroyed. 00653_ Wheel destroyed. 00653_ Destroyed Asb. Hover Unit. 00653_ as-76647 system corrupted by crushing effect. 00653_ Knocked back. Map ----- +----------------------------------------------------+ | ????# """ """ """ #??????????????????? | | ????# """ """ """ #??????????????????? | | ????# """ """ """ #??????????????????? | | ????# #??????????????????? | | ????# """ """ """ #??????????????????? | | ????# """ """ """ #??????????????????? | | ????# " """ """ #??????????????????? | | ????# #??????????????????? | | ????# """ """ #??????????????????? | | ????# """ """ #??????????######??? | | ????# """ """ #?????????## ##?? | | ????# ######???## ### | | ????# """ """ """ ##### | | ????# """ """ """ #### ## | | ????# """ """ """ #??# ##?? | | ????# #??########! ##??? | | ????###############?????????#! #???? | | ????????????????????????????## ##???? | | ?????????????????????????????#| ##???? | | ????????????################## #???? | | ????????????# !% ! #???? | | ????????????# ##???? | | ????????????# ################ ##????? | | ???????####?# #??????????????###?????? | | ??????## ## #??????????????????????? | | ?????## @###????????????????????? | | ????## #????????????????????? | | ????# a #????????????????????? | | ????# ## #????????????????????? | | ????## #?## a #????????????????????? | | ?????####???# a#????????????????????? | | ????????????## a #???????????????????? | | ?????????????##aa#???????????????????? | | ??????????????#a ???????????????????? | | ?????????????? aa ??????????????????? | | ?????????????? a a #?????????????????? | | ?????????????? ##?????????????????? | | ?????????????? #??????????????????? | | ?????????????? ??????????????????? | | ?????????????? ??????????????????? | | ?????????????# % % ?????????????????? | | ?????????????## ?????????????????? | | ???????????????# % ????????????????? | | ???????????????? % ?????????????????? | | ???????????????? % #?????????????????? | | ????????????????#=???????????????????? | | ?????????????????????????????????????? | | ?????????????????????????????????????? | | ?????????????????????????????????????? | | ?????????????????????????????????????? | +----------------------------------------------------+ Best States ------------- Heat Dissipation 25 Energy Generation 10 Energy Capacity 250 Matter Stores 300 Matter Capacity 300 Sight Range 16 Terrain Scan Density 10 Evasion (%) 50 Item Schematics ----------------- None Robot Schematics ------------------ None Fabricated ------------ Nothing Alien Tech Used ----------------- None Achievements -------------- None Challenges ------------ None Game ------ Seed HighTyrol222221 Manual? 1 Play Time 00:10:34 Cumulative 7.1 hours Start 2020.03.29 @ 11:06:32 End 2020.03.29 @ 11:14:51 Sessions 1 Manual Loads 0 Difficulty Rogue Special Mode None Game No. 18 Rogue 18 Adventurer 0 Explorer 0 Win Type - Total 0 Types 0/0/0/0/0/0/0 Lore% 2 Gallery% 10 Achievement% 11 Wizard Run 0 Options --------- ASCII 0 Keyboard 0 Movement Mouse Keybinds 0 Fullscreen 1 Font 18/SmallcapsGlow Map View 76x50 Tactical HUD 1 Map Filters NONE Filters NONE Steam 1 RUN: fa78e856-b912-4281-88cf-2e950adc1140